AoeStats
← 1245

Lombardia

509980765Analyzed
4v4 RM · 5d ago on Sep 28, 2026· 26m 58s· 8 players
Game mode
Random Map
Map size
Large (8 player)
Population
200
Speed
Normal
Resources
Standard
Victory
Conquest
Starting age
Dark Age
Ending age
Imperial Age
RankedLock teamsTeams togetherTeam positionsShared explorationLock speedFull tech treeHidden civsTurbo modeCheats
Victory
Defeat
🇨🇴 Magyars · Colombia
1543
+12
🇺🇸 Mongols · United States
1518
+13
🇧🇷 Dravidians · Brazil
1467
+15
🇮🇹 Britons · Italy
1445
+16
🇩🇪 Saxons · Germany
1527
-17
🇹🇼 Malay · Taiwan
1483
-15
🇧🇪 Varangians · Belgium
1396
-12
🇲🇽 Britons · Mexico
1394
-12
Dwarf king
5:19 Loom
10:04 Feudal Age
14:42 Castle Age
12:57 Double-Bit Axe
13:31 Horse Collar
15:53 Bow Saw
23:57 Wheelbarrow
27:13 Gold Mining
27:13 Stone Mining
27:33 Heavy Plow
[IMGG] JuanCa
5:06 Loom
5:27 Loom
8:57 Feudal Age
9:50 Double-Bit Axe
20:54 Castle Age
19:41 Bloodlines
19:38 Scale Barding Armor
21:16 Light Cavalry
22:34 Bow Saw
26:17 Chain Barding Armor
27:19 Wheelbarrow
27:07 Horse Collar
MAZZUCCO
7:01 Loom
9:34 Feudal Age
12:28 Double-Bit Axe
12:24 Horse Collar
13:35 Fletching
18:23 Wheelbarrow
22:00 Castle Age
20:32 Gold Mining
22:07 Padded Archer Armor
22:40 Bodkin Arrow
22:07 Crossbowman
23:11 Bow Saw
23:03 Heavy Plow
23:47 Hand Cart
25:38 Leather Archer Armor
PALADIN
10:59 Feudal Age
11:45 Loom
13:32 Double-Bit Axe
16:02 Castle Age
14:03 Horse Collar
16:12 Crossbowman
17:50 Fletching
18:45 Wheelbarrow
22:47 Bodkin Arrow
24:02 Padded Archer Armor
27:05 Leather Archer Armor
27:49 Hand Cart
Seifer
6:01 Loom
8:37 Feudal Age
9:11 Double-Bit Axe
15:58 Castle Age
14:07 Horse Collar
17:00 Wheelbarrow
16:49 Bow Saw
17:01 Town Watch
21:02 Heavy Plow
24:02 Gold Mining
24:03 Stone Mining
25:24 Gold Shaft Mining
25:25 Fletching
26:39 Bodkin Arrow
Dario
9:12 Loom
10:57 Feudal Age
9:31 Loom
15:30 Castle Age
13:38 Horse Collar
13:54 Double-Bit Axe
18:27 Heavy Plow
18:39 Bow Saw
19:20 Wheelbarrow
21:21 Town Watch
21:30 Gold Mining
21:47 Stone Mining
24:01 Arson
24:16 Squires
24:02 Gambesons
26:31 Hand Cart
26:19 Scale Mail Armor
1245
10:01 Feudal Age
9:47 Double-Bit Axe
11:54 Horse Collar
16:46 Wheelbarrow
16:44 Forging
19:47 Castle Age
22:48 Heavy Plow
26:47 Loom
jelle.neyt
4:44 Loom
9:56 Feudal Age
11:03 Double-Bit Axe
17:34 Wheelbarrow
21:20 Castle Age
19:17 Horse Collar
21:52 Scale Barding Armor
21:58 Forging
21:41 Gold Mining
24:43 Hand Cart
24:14 Town Watch
24:21 Stone Mining
Connection lost

Rejoining the realm…

Still unreachable

The connection could not be restored.

Session expired

The server has moved on; the page needs a fresh start.